 Dungeon Crawl Stone Soup version 0.29-a0-541-gaf1fc19f1b (webtiles) character file.

Game seed: 16602100657445419403

256 IdlyInterested the Ducker (level 5, -1/40 HPs)
             Began as a Demonspawn Gladiator on June 2, 2022.
             Killed by divine providence
             ... invoked by an orc priest
              (14 damage)
             ... on level 3 of the Dungeon.
             The game lasted 00:06:28 (3159 turns).

IdlyInterested the Ducker (Demonspawn Gladiator)    Turns: 3159, Time: 00:06:28

Health: -1/40      AC: 11    Str: 16    XL:     5   Next: 92%
Magic:  14/14      EV:  5    Int:  9    God:
Gold:   119        SH:  4    Dex: 15    Spells: 4/4 levels left

rFire   . . .      SeeInvis .   a - +1 flail
rCold   . . .      Faith    .   (no shield)
rNeg    . . .      Spirit   .   u - +0 plate armour
rPois   .          Reflect  .   c - +0 helmet
rElec   .          Harm     .   (no cloak)
rCorr   .          Rampage  .   (no gloves)
Will    .....                   (no boots)
Stlth   ..........              (no amulet)
HPRegen 0.13/turn               j - ring of magical power
MPRegen 0.14/turn               (no ring)

@: no status effects
A: spiny 1, condensation shield, weakness stinger 1
a: no special abilities


You were on level 3 of the Dungeon.
You visited 1 branch of the dungeon, and saw 5 of its levels.

You collected 207 gold pieces.
You spent 88 gold pieces at shops.

Inventory:

Hand Weapons
 a - a +1 flail (weapon)
Missiles
 d - 3 throwing nets (quivered)
 e - 7 javelins
 h - 57 stones
 m - 6 poisoned darts
Armour
 b - a +0 leather armour
 c - a +0 helmet (worn)
 g - a +0 ring mail
 u - a +0 plate armour (worn)
Jewellery
 j - a ring of magical power (left hand)
Wands
 i - a wand of paralysis (1)
Scrolls
 n - a scroll of teleportation
 o - a scroll of vulnerability
 p - 3 scrolls of identify
 q - 2 scrolls of noise {unknown}
 s - a scroll of blinking {unknown}
 t - a scroll of fear
Potions
 f - 2 potions of heal wounds
 k - 3 potions of curing
 l - a potion of invisibility {unknown}
 r - a potion of mutation


   Skills:
 + Level 2.8 Fighting
 * Level 4.0 Maces & Flails
 - Level 1.7 Throwing
 - Level 2.0 Armour
 * Level 4.0 Dodging
 * Level 1.3 Evocations


You had 4 spell levels left.
You didn't know any spells.
Your spell library contained the following spells:

 Spells                   Type           Power      Damage    Failure   Level
 Freeze                   Ice            0%         1d3       100%        1
 Frozen Ramparts          Ice            0%         1d2       100%        3
 Ozocubu's Armour         Ice            0%         N/A       100%        3
 Hailstorm                Conj/Ice       0%         3d3       100%        4
 Ozocubu's Refrigeration  Ice            0%         4d5       100%        7


Dungeon Overview and Level Annotations

Branches:
Dungeon (5/15)
 Temple: D:4-7

Altars:
Xom

Shops:
D:3 !   D:4 [


Innate Abilities, Weirdness & Mutations

You are partially covered in sharp spines.
A meltable shield of frost defends you. (SH +4)
You have a small tail.


Message History

The kobold is severely wounded.
The kobold hits you but does no damage. You block the kobold's attack.
You hit the kobold.
You kill the kobold!
You see here a +0 club.
Found an escape hatch in the ceiling.
There is an escape hatch in the ceiling here.
There is a stone staircase leading down here.
An orc comes into view. It is wielding a +0 club.
The orc shouts!
An orc comes into view. It is wielding a +0 falchion.
An orc comes into view. It is wielding a +0 whip.
The orc shouts! x2
An orc priest comes into view. It is wielding a +0 short sword.
An orc wizard comes into view. It is wielding a +0 dagger.
The orc priest shouts!
The orc wizard shouts!
You block the orc's attack.
You sock the orc!
You kill the orc!
The orc is struck by your spines. The orc hits you but does no damage.
Things that are here:
a +0 club; a +0 scale mail; an orc corpse You barely miss the orc.
The orc is moderately wounded.
The orc priest invokes the aid of Beogh against you.
Beogh smites you! The orc closely misses you.
You thump the orc!
You kill the orc!
The orc priest calls down the wrath of Beogh upon you.
Beogh smites you!
You completely miss the orc. The orc hits you but does no damage.
The orc wizard gestures wildly while chanting.
The orc wizard flickers and vanishes!
Deactivating autopickup; reactivate with Ctrl-A.
The orc hits you but does no damage.
You thump the orc!
You kill the orc!
The orc priest calls down the wrath of Beogh upon you.
Beogh smites you!
You die...

#....... #......
#..... #.... ....
#.o #)# #@# #.#
#.# #.# #.# #.#
#.# ####### #.#
#.....#
#.#####.###.######


You could see an orc priest.

Vanquished Creatures
  A kobold brigand (D:4)
  A howler monkey (D:4)
  A jelly (D:4)
  3 gnolls (D:3)
  2 adders (D:4)
  2 worms
  A dart slug (D:1)
  5 orcs
  7 ball pythons
  2 bats
  8 endoplasms
  2 giant cockroaches
  9 goblins
  5 hobgoblins
  5 kobolds
  3 quokkas
  A frilled lizard (D:1)
  5 rats
63 creatures vanquished.

Vanquished Creatures (others)
  A jackal (D:4)
1 creature vanquished.

Grand Total: 64 creatures vanquished

Notes
Turn   | Place    | Note
-------+----------+-------------------------------------------
     0 | D:1      | IdlyInterested the Demonspawn Gladiator began the quest for
                  | the Orb.
     0 | D:1      | Reached XP level 1. HP: 16/16 MP: 1/1
   248 | D:1      | Found a faded altar of an unknown god.
   452 | D:1      | Gained mutation: A meltable shield of frost defends you.
                  | (SH +4) [demonic ancestry]
   452 | D:1      | Reached XP level 2. HP: 22/22 MP: 2/2
  1122 | D:1      | Reached skill level 1 in Armour
  1546 | D:2      | Gained mutation: You are partially covered in sharp spines.
                  | [demonic ancestry]
  1546 | D:2      | Reached XP level 3. HP: 25/27 MP: 3/3
  2215 | D:3      | You fall into a shaft and drop 2 floors!
  2215 | D:5      | Entered Level 5 of the Dungeon
  2223 | D:5      | Noticed an ogre
  2291 | D:4      | Found Aptin's Antique Armour Shoppe.
  2308 | D:4      | Noticed a kobold brigand
  2313 | D:4      | Gained mutation: You have a small tail. [demonic ancestry]
  2313 | D:4      | Reached XP level 4. HP: 27/34 MP: 4/4
  2330 | D:4      | Killed a kobold brigand
  2331 | D:4      | Reached XP level 5. HP: 17/39 MP: 5/5
  2388 | D:4      | Found a shimmering altar of Xom.
  2401 | D:4      | Reached skill level 1 in Evocations
  2722 | D:3      | Found Gaigiopt's Distillery.
  2730 | D:3      | Bought a potion of mutation for 88 gold pieces
  3159 | D:3      | Killed from afar by an orc priest

Illustrated notes

Levels and vault maps discovered:
D:1:      psy_arrival_fountain, layout_rooms, hellmonk_ecumenical_altar_zigzags,
          ebering_dispersal_statue_hall
D:2:      layout_loops_ring
D:3:      layout_basic, serial_shops, nicolae_shop_waterfront
D:4:      layout_rooms, xom_confusion_cloud, gammafunk_ghost_cemetery,
          serial_shops, nicolae_shop_trees
D:5:      layout_basic

Skill      XL: |  1  2  3  4  5 |
---------------+----------------+-----
Dodging        | 3 4 |  4.0
Maces & Flails | 3 4 |  4.0
Armour         | 1 2 |  2.0
Evocations     | 1 |  1.3
Fighting       | |  2.8
Throwing       | |  1.7

Action                   |  1- 3 |  4- 6 || total
-------------------------+-------+-------++-------
Melee: Flail             |   116 |    52 ||   168
       Tailslap          |       |     5 ||     5
  Use: Scroll            |     7 |       ||     7
       Potion            |     3 |     1 ||     4
Armor: Ring mail         |    35 |       ||    35
       Leather armour    |     1 |       ||     1
       Chain mail        |     7 |    13 ||    20
       Plate armour      |       |     4 ||     4
Dodge: Dodged            |    65 |    16 ||    81
Block: Other             |    13 |    10 ||    23

Table legend: (Time is in decaauts)
 A = Elapsed time spent in this place.
 B = Non-inter-level travel time spent in this place.
 C = Inter-level travel time spent in this place.
 D = Time resting spent in this place.
 E = Time spent auto-exploring this place.
 F = Levels seen in this place.
 G = Mean time per level.
                   A        B        C        D        E       F      G
               +--------+--------+--------+--------+--------+-----+--------+
         Total |   3219 |   3188 |     31 |    849 |   1717 |   5 |  643.8 |
       Dungeon |   3219 |   3188 |     31 |    849 |   1717 |   5 |  643.8 |
               +--------+--------+--------+--------+--------+-----+--------+

Top non-repeatable levels by time:
     D:1: 1350 daAuts
     D:2: 882 daAuts
     D:3: 618 daAuts
     D:4: 353 daAuts
     D:5: 14 daAuts
